 Dungeon Crawl Stone Soup version 0.19-a0-526-gbe2e51c (webtiles) character file.

177568 mistymad the Unseen (level 17, 0/133 HPs)
             Began as a Vampire Enchanter on June 7, 2016.
             Was a High Priest of Ashenzari.
             Slain by a ghost moth (10 damage)
             ... on level 1 of the Spider Nest.
             The game lasted 03:20:33 (49645 turns).

mistymad the Unseen (Vampire Enchanter)            Turns: 49645, Time: 03:20:35

Health: 0/133      AC: 15    Str:  5 (7)  XL:     17   Next: 54%
Magic:  0/41       EV: 36    Int: 21      God:    Ashenzari [*****.]
Gold:   2783       SH:  9    Dex: 31 (34) Spells: 11 memorised, 11 levels left

rFire  + + +     SeeInvis +     H - +2 dagger (vamp)
rCold  + + +     Gourm    .     n - +2 robe "Ihuq" {rF++ MP+9 Dex+6} (curse)
rNeg   + + +     Faith    .     V - +0 buckler {rF+} (curse)
rPois  +         Spirit   .     T - +1 helmet {Int+3} (curse)
rElec  .         Dismiss  .     N - +1 cloak (curse)
rCorr  .         Reflect  .     l - +0 pair of gloves {rC+} (curse)
SustAt .         Harm     .     (no boots)
MR     +....     Clarity  +     (no amulet)
Stlth  ++++++++++               w - ring "Fumir" {Dex+2 Slay+2 Stlth+}
                                I - +6 ring of protection {=R}

@: agile, about to teleport, regenerating slowly, somewhat resistant to hostile
enchantments, uncannily stealthy
A: fangs 3, see invisible, unbreathing
a: Bat Form, Curse Item, Scrying, Transfer Knowledge, Renounce Religion


You were on level 1 of the Spider Nest.
You worshipped Ashenzari.
Ashenzari was extremely pleased with you.
You were near bloodless.

You visited 7 branches of the dungeon, and saw 34 of its levels.
You also visited: Ossuary and Ice Cave.

You collected 3339 gold pieces.
You spent 556 gold pieces at shops.

Inventory:

Hand Weapons
 z - a +2 dagger of electrocution
 H - a +2 vampiric dagger (weapon)
Missiles
 k - 7 throwing nets (quivered)
Armour
 l - a cursed +0 pair of gloves of cold resistance (worn)
 n - the cursed +2 robe "Ihuq" (worn) {rF++ MP+9 Dex+6}
   (You took it off a merfolk on level 2 of the Shoals)

   It affects your dexterity (+6).
   It greatly protects you from fire.
   It affects your magic capacity (+9).
   It has a curse placed upon it.
 D - the +1 shield "Bosirupn" {rC++}
   (You took it off Asterion on level 1 of the Elven Halls)

   It greatly protects you from cold.
 N - a cursed +1 cloak (worn)
 T - a cursed +1 helmet of intelligence (worn)
 V - a cursed +0 buckler of fire resistance (worn)
Jewellery
 w - the ring "Fumir" (right hand) {Dex+2 Slay+2 Stlth+}
   (You found it on level 14 of the Dungeon)

   [ring of stealth]

   It affects your dexterity (+2).
   It affects your accuracy and damage with ranged weapons and melee attacks
   (+2).
   It makes you more stealthy.
 y - an uncursed ring of protection from cold
 B - an uncursed ring of protection from magic
 I - a +6 ring of protection (left hand) {=R}
 L - the ring "Veog" {Fire Dex+6}
   (You bought it in a shop on level 2 of the Orcish Mines)

   [ring of fire]

   It enhances your fire magic, and weakens your ice magic.
   It affects your dexterity (+6).
   It protects you from fire.
   It makes you vulnerable to cold.
Wands
 a - a wand of confusion (23/48)
 b - a wand of lightning (6/15)
 c - a wand of teleportation (0/9)
 e - a wand of lightning (4/15)
 j - a wand of digging (4/24)
 r - a wand of acid (1/15)
 s - a wand of slowing (24/48)
 u - a wand of acid (7/15)
 S - a wand of flame (27/48)
Scrolls
 f - 9 scrolls of recharging
 h - 8 scrolls of remove curse
 i - 10 scrolls of teleportation
 o - 8 scrolls of fear
 q - 3 scrolls of enchant weapon
 t - 6 scrolls of amnesia
 x - 12 scrolls of blinking
 A - 4 scrolls of summoning
 C - 8 scrolls of magic mapping
 G - 4 scrolls of fog
 O - 5 scrolls of enchant armour
 U - a scroll of brand weapon
Potions
 d - 9 potions of blood
 g - 2 potions of agility
 v - 6 potions of brilliance
 E - 2 potions of flight
 K - a potion of beneficial mutation
 M - a potion of cancellation {unknown}
 P - 2 potions of might {unknown}
 Q - 2 potions of resistance {unknown}
Miscellaneous
 p - a lamp of fire (inert)
 Z - a fan of gales


   Skills:
 + Level 11.8 Fighting
 - Level 12.1 Short Blades
 + Level 13.4(15.7) Dodging
 + Level 18.2(20.2) Stealth
 + Level 6.4(9.2) Shields
 - Level 11.0 Spellcasting
 - Level 16.0 Hexes
 - Level 8.7 Charms
 - Level 8.0 Necromancy
 + Level 3.8 Translocations
 + Level 5.5 Evocations


You had 11 spell levels left.
You knew the following spells:

 Your Spells              Type           Power        Failure   Level  Hunger
a - Corona                Hex            ######.      0%          1    None
b - Ensorcelled Hibernat  Hex/Ice        #####.       1%          2    None
c - Confuse               Hex            ######..     1%          3    None
d - Tukima's Dance        Hex            ######..     1%          3    None
e - Dazzling Spray        Conj/Hex       #####.       1%          3    None
f - Spectral Weapon       Hex/Chrm       ######..     1%          3    None
g - Regeneration          Chrm/Necr      #####.....   1%          3    None
h - Shroud of Golubria    Chrm/Tloc      #####.....   1%          2    None
i - Apportation           Tloc           ####......   1%          1    None
j - Blink                 Tloc           N/A          1%          2    None
k - Animate Dead          Necr           N/A          2%          4    #......


Dungeon Overview and Level Annotations

Branches:
Dungeon (15/15)            Temple (1/1) D:6            Lair (8/8) D:10
 Shoals (3/4) Lair:4       Spider (2/4) Lair:4        Slime (0/6) Lair:6
    Orc (2/2) D:9             Elf (3/3) Orc:2        Vaults (0/5) D:14
 Depths (0/5) D:15

Altars:
Ashenzari
Cheibriados
Dithmenos
Elyvilon
Fedhas
Gozag
Hepliaklqana
Kikubaaqudgha
Makhleb
Nemelex Xobeh
Okawaru
Pakellas
Qazlal
Ru
Sif Muna
Trog
Uskayaw
Vehumet
Xom
Yredelemnul
Zin
The Shining One
Beogh

Shops:
D:10 (   D:15 *   Orc:2 (((*   Elf:1 [   Shoals:3 ([

Annotations:
D:15 exclusion: door
Elf:1 exclusion: 3 doors, Roxanne
Elf:2 exclusion: 3 doors


Innate Abilities, Weirdness & Mutations

You heal slowly.
You have razor-sharp teeth.
You have supernaturally acute eyesight. (SInv)
You can survive without breathing.


Message History

Evoke which item? (* to show all) (? for menu, Esc to quit)
Zapping:
c - a wand of teleportation (1/9)
Press: ? - help, Shift-Dir - straight line, f - you You feel strangely unstable.
This wand has 0 charges left.
The ghost moth stares at you. The ghost moth hits you!
* * * LOW HITPOINT WARNING * * *
You feel weakened. The ghost moth completely misses you.
The ghost moth stings you but does no damage.
The jumping spider pounces on you but does no damage.
You block the jumping spider's attack.
You take 7 damage, and have 4/133 hp.
You feel better. The jumping spider misses you.
The jumping spider bites you but does no damage.
The ghost moth stares at you.
The ghost moth completely misses you. x2; You block the ghost moth's attack.
The jumping spider completely misses you.
The jumping spider closely misses you. The ghost moth hits you!
You die...

#### ** ###..# ,{* #≈..## *
##.. ###....# ## #..≈# #......#
..###...##### ##.....##
.^##....#≈≈.######......##
#.#......#...##..........#
...............s@....#...## #
....#..#.......y........#.##≈##
.#.................#........≈≈#
....!....>..................≈##
.....#...........)........(...#
..#.............#..#..........#
#..^#......#..#..!.#...#....###
..........#.............#####
....^#...............#..#*


You could see a ghost moth (invisible) and a jumping spider.

Vanquished Creatures
  Asterion (Elf:1)
  A deep elf blademaster (Elf:3)
  2 deep elf master archers (Elf:3)
  2 tengu reavers (D:14)
  A deep elf sorcerer (Elf:3)
  A frost giant (D:14)
  An orc warlord (Orc:2)
  Aizul (Elf:2)
  Nessos (Lair:7)
  3 deep elf demonologists
  4 deep elf annihilators
  2 deep elf death magi
  A merfolk javelineer (Shoals:1)
  5 merfolk impalers
  Josephine (D:10)
  A fire dragon (Lair:8)
  A deep elf high priest (Elf:3)
  A catoblepas (D:15)
  4 vault guards (D:14)
  7 hydras
  A merfolk avatar (Shoals:1)
  A centaur warrior (D:13)
  2 satyrs
  A merfolk aquamancer (Shoals:1)
  12 dancing weapons
  5 death yaks
  5 orc high priests
  Nergalle (Lair:3)
  2 deep elf knights
  An unseen horror (D:11)
  4 sea snakes
  9 harpies
  6 deep elf archers
  A lindwurm (Lair:8)
  An anubis guard (shapeshifter) (Elf:1)
  6 hill giants
  5 orc knights
  13 fauns
  6 orc sorcerers (Orc:2)
  2 orb spiders (Spider:1)
  30 deep elf magi
  5 wolf spiders
  5 griffons
  4 ugly things
  A cyclops (D:14)
  12 elephants
  11 manticores
  3 sirens
  8 black mambas
  8 torpor snails
  An eye of devastation (Lair:6)
  3 water nymphs
  2 gargoyles (D:13)
  16 spiny frogs
  9 komodo dragons
  3 efreet
  4 rime drakes
  A yaktaur (D:15)
  A demonic crawler (Spider:1)
  2 ice devils (IceCv)
  2 tengu conjurers (D:14)
  10 trolls
  5 giant leeches (Lair:8)
  2 polar bears
  2 two-headed ogres
  A wind drake (Shoals:2)
  Grinder (D:3)
  21 merfolk
  6 jumping spiders
  3 slime creatures (D:12)
  23 blink frogs
  4 snapping turtles
  A boulder beetle (Lair:8)
  3 air elementals
  2 tarantellas (Spider:1)
  5 wraiths
  5 water elementals
  48 yaks
  9 redbacks
  3 fire elementals
  A human (D:9)
  4 basilisks
  3 hungry ghosts
  2 wyverns
  7 vampire mosquitoes
  A steam dragon (Lair:2)
  12 hippogriffs
  3 wargs
  A soldier ant (D:14)
  11 water moccasins
  9 porcupines
  A soldier ant (shapeshifter) (D:15)
  5 ice beasts
  45 orc warriors
  8 sky beasts
  Duvessa (D:7)
  A necrophage (D:9)
  3 black bears
  4 eyes of draining
  4 phantoms
  2 wasps (Lair:8)
  15 wolves
  19 ogres
  6 boggarts
  10 centaurs
  14 crocodiles
  2 big kobolds
  22 giant frogs
  2 earth elementals
  Dowan (D:7)
  3 wyvern skeletons
  15 scorpions
  7 killer bees (D:13)
  3 howler monkeys
  7 electric eels
  4 jellies
  8 centaur zombies
  3 crimson imps
  4 giant frog zombies
  2 human zombies
  A quasit (D:10)
  2 hounds
  34 orc priests
  4 centaur skeletons
  2 giant frog skeletons
  10 iguanas
  Natasha (thrice) (D:3)
  31 orc wizards
  10 hell rats (Lair:5)
  9 worker ants
  29 sheep
  2 big kobold zombies (Ossuary)
  4 hound zombies
  3 mummies (Ossuary)
  A hound skeleton (D:4)
  8 gnolls
  5 scorpion zombies (Ossuary)
  14 adders
  101 river rats
  5 shadow imps
  16 white imps
  An ufetubus (IceCv)
  An ooze (D:6)
  2 adder zombies
  4 adder skeletons
  21 worms
  A dart slug (D:1)
  7 giant geckos
  120 orcs
  2 ball pythons
  16 bats
  2 giant cockroaches
  8 hobgoblins
  10 jackals
  7 quokkas
  3 giant newts
  2 gnoll zombies (Ossuary)
  10 goblins
  3 goblin zombies (Ossuary)
  4 hobgoblin zombies (Ossuary)
  A jackal zombie (D:9)
  11 kobolds
  3 kobold zombies
  An orc zombie (Ossuary)
  26 rats
  2 bushes (Lair:8)
  A fungus (Lair:5)
  A plant (Lair:5)
  A spectral weapon (Orc:2)
1250 creatures vanquished.

Vanquished Creatures (collateral kills)
  2 hill giants
  A two-headed ogre (Orc:2)
  2 ogres
  An orc warrior (Orc:2)
  A giant frog (D:14)
  2 river rats
  A giant gecko (D:8)
10 creatures vanquished.

Vanquished Creatures (others)
  A deep elf high priest (Elf:1)
  A killer bee (D:13)
  5 white imps (IceCv)
  4 ufetubi (IceCv)
  An orc (Orc:1)
  2 bushes (Lair:8)
  29 fungi
  38 plants
  9 spectral weapons
90 creatures vanquished.

Grand Total: 1350 creatures vanquished

Notes
Turn   | Place    | Note
--------------------------------------------------------------
     0 | D:1      | mistymad the Vampire Enchanter began the quest for the Orb.
     0 | D:1      | Reached XP level 1. HP: 13/13 MP: 3/3
   342 | D:1      | Reached XP level 2. HP: 16/20 MP: 5/5
   456 | D:1      | Learned a level 2 spell: Ensorcelled Hibernation
   998 | D:2      | Reached skill level 5 in Hexes
   998 | D:2      | Reached XP level 3. HP: 25/25 MP: 6/6
  1003 | D:2      | Learned a level 3 spell: Confuse
  1091 | D:2      | Reached skill level 1 in Fighting
  1095 | D:2      | Found a glowing silver altar of Zin.
  1095 | D:2      | Found a shattered altar of Ashenzari.
  1135 | D:2      | Became a worshipper of Ashenzari the Shackled
  1882 | D:3      | Reached XP level 4. HP: 32/32 MP: 4/7
  2157 | D:3      | Noticed Grinder
  2165 | D:3      | Paralysed by Grinder for 4 turns
  2326 | D:3      | Killed Grinder
  2326 | D:3      | Reached skill level 5 in Stealth
  2326 | D:3      | Reached XP level 5. HP: 38/38 MP: 5/9
  2326 | D:3      | Reached XP level 6. HP: 44/44 MP: 5/10
  2406 | D:3      | Noticed Natasha
  2410 | D:3      | Killed Natasha
  2464 | D:3      | Noticed Natasha
  2469 | D:3      | Killed Natasha
  2818 | D:3      | Reached skill level 6 in Stealth
  3026 | D:3      | Noticed Natasha
  3031 | D:3      | Killed Natasha
  3596 | D:4      | Reached XP level 7. HP: 46/51 MP: 5/12
  4209 | D:4      | Reached skill level 7 in Stealth
  4214 | D:4      | Learned a level 3 spell: Tukima's Dance
  4218 | D:4      | Learned a level 3 spell: Dazzling Spray
  4299 | D:4      | Reached XP level 8. HP: 50/58 MP: 10/13
  5166 | D:5      | Entered Level 5 of the Dungeon
  5166 | D:5      | Reached * piety under Ashenzari
  5195 | D:5      | Reached skill level 5 in Dodging
  5195 | D:5      | Reached skill level 8 in Stealth
  5650 | D:5      | Found a basalt altar of Yredelemnul.
  6544 | D:6      | Reached skill level 5 in Short Blades
  6544 | D:6      | Reached XP level 9. HP: 56/65 MP: 2/16
  6966 | D:6      | Reached skill level 9 in Stealth
  7168 | D:6      | Reached skill level 5 in Spellcasting
  7360 | D:6      | Found a staircase to the Ecumenical Temple.
  7413 | Temple   | Entered the Ecumenical Temple
  7910 | D:7      | Found a sand-covered staircase.
  7941 | Ossuary  | Entered an ossuary
  8325 | Ossuary  | Reached skill level 5 in Fighting
  8514 | D:7      | Noticed Dowan
  8517 | D:7      | Noticed Duvessa
  8534 | D:7      | Killed Duvessa
  8547 | D:7      | Killed Dowan
  8599 | D:7      | Reached skill level 10 in Stealth
  8681 | D:7      | Reached XP level 10. HP: 74/74 MP: 18/18
  8798 | D:7      | Reached ** piety under Ashenzari
  8815 | D:7      | Reached skill level 10 in Hexes
  9119 | D:8      | Found a radiant altar of Vehumet.
 10415 | D:9      | Found a runed door.
 10420 | D:9      | Found a basalt altar of Yredelemnul.
 10779 | D:9      | Found a staircase to the Orcish Mines.
 11392 | Orc:1    | Entered Level 1 of the Orcish Mines
 11636 | D:10     | Entered Level 10 of the Dungeon
 11946 | D:10     | Reached skill level 11 in Stealth
 12000 | D:10     | Found a staircase to the Lair.
 12001 | D:10     | Noticed an elephant
 12011 | D:10     | Killed an elephant
 12082 | D:10     | Found Deadaf's Antique Weapon Emporium.
 12235 | D:10     | Noticed Josephine
 12236 | D:10     | Reached XP level 11. HP: 81/81 MP: 20/20
 12239 | D:10     | Killed Josephine
 12585 | Lair:1   | Entered Level 1 of the Lair of Beasts
 12587 | Lair:1   | Found a frozen archway.
 12701 | IceCv    | Entered an ice cave
 13507 | IceCv    | Identified a scroll of acquirement
 16474 | Lair:1   | Reached *** piety under Ashenzari
 16650 | Lair:1   | Reached skill level 12 in Stealth
 17055 | Lair:2   | Learned a level 3 spell: Spectral Weapon
 17059 | Lair:2   | Learned a level 3 spell: Regeneration
 17062 | Lair:2   | Learned a level 2 spell: Shroud of Golubria
 17265 | Lair:2   | Reached skill level 1 in Charms
 17318 | Lair:2   | Noticed an eight-headed hydra
 17361 | Lair:2   | Killed an eight-headed hydra
 18293 | Lair:3   | Noticed an eight-headed hydra
 18300 | Lair:3   | Killed an eight-headed hydra
 18300 | Lair:3   | Reached XP level 12. HP: 91/91 MP: 23/23
 18348 | Lair:3   | Noticed Nergalle
 18355 | Lair:3   | Killed Nergalle
 18483 | Lair:3   | Reached skill level 13 in Stealth
 18700 | Lair:4   | Reached **** piety under Ashenzari
 18719 | Lair:4   | Found a hole to the Spider Nest.
 19545 | Lair:4   | Found a staircase to the Shoals.
 19869 | Lair:3   | Noticed a seven-headed hydra
 19881 | Lair:3   | Killed a seven-headed hydra
 21849 | Lair:5   | Reached XP level 13. HP: 99/99 MP: 9/25
 22077 | Lair:5   | Reached skill level 1 in Necromancy
 22305 | Lair:5   | Reached skill level 10 in Dodging
 22536 | Lair:5   | Reached skill level 5 in Charms
 22754 | Lair:6   | Reached skill level 14 in Stealth
 22830 | Lair:6   | Found a staircase to the Slime Pits.
 23645 | Lair:6   | Reached skill level 10 in Short Blades
 25368 | Lair:7   | Noticed Nessos
 25389 | Lair:7   | Killed Nessos
 25719 | Lair:8   | Entered Level 8 of the Lair of Beasts
 25874 | Lair:8   | Learned a level 1 spell: Apportation
 25877 | Lair:8   | Learned a level 2 spell: Blink
 25983 | Lair:8   | Reached XP level 14. HP: 108/108 MP: 27/27
 27699 | Lair:8   | Found a runed door.
 28675 | Orc:2    | Entered Level 2 of the Orcish Mines
 28702 | Orc:1    | Reached skill level 15 in Stealth
 29120 | Orc:2    | Found a roughly hewn altar of Beogh.
 29151 | Orc:2    | Reached skill level 5 in Necromancy
 29246 | Orc:2    | Found Quys's Weapon Emporium.
 29260 | Orc:2    | Found Juoveomp's Antique Weapon Shoppe.
 29941 | Orc:1    | Reached ***** piety under Ashenzari
 30251 | Orc:2    | Reached skill level 15 in Hexes
 30527 | Orc:2    | Found Mozaes Lexef's Weapon Boutique.
 30857 | Orc:2    | Found a roughly hewn altar of Beogh.
 30857 | Orc:2    | Noticed an orc warlord
 30884 | Orc:2    | Found Makhloud's Assorted Antiques.
 31361 | Orc:2    | Bought a crude marble ring for 130 gold pieces
 31361 | Orc:2    | Identified the ring "Veog" {Fire Dex+6} (You bought it in a shop on level 2 of the Orcish Mines)
 31361 | Orc:2    | Bought a shiny buckler for 117 gold pieces
 31361 | Orc:2    | Bought a scroll labeled ZEHUAXT WYUNE for 26 gold pieces
 31361 | Orc:2    | Bought a scroll of identify for 52 gold pieces
 31663 | Orc:2    | Reached skill level 10 in Fighting
 31756 | Orc:2    | Killed an orc warlord
 32246 | Orc:2    | Found a staircase to the Elven Halls.
 32960 | D:11     | Reached XP level 15. HP: 110/115 MP: 15/28
 33769 | D:11     | Found an oddly glowing altar of Pakellas.
 34075 | D:12     | Reached skill level 1 in Shields
 34475 | D:12     | Reached skill level 10 in Spellcasting
 34514 | D:12     | Found a burning altar of Makhleb.
 35220 | D:13     | Found a shadowy altar of Dithmenos.
 35829 | D:14     | Found a runed door.
 36097 | D:14     | Noticed a tengu reaver
 36097 | D:14     | Noticed a tengu reaver
 36101 | D:14     | Noticed a frost giant
 36102 | D:14     | Identified the ring "Fumir" {Dex+2 Slay+2 Stlth+}
 36108 | D:14     | Killed a frost giant
 36109 | D:14     | Killed a tengu reaver
 36118 | D:14     | Killed a tengu reaver
 36118 | D:14     | Reached skill level 16 in Stealth
 36169 | D:14     | Found a gate to the Vaults.
 37191 | D:15     | Entered Level 15 of the Dungeon
 37399 | D:15     | Found Fyma's Changing Room.
 38786 | Spider:1 | Entered Level 1 of the Spider Nest
 39991 | Shoals:1 | Entered Level 1 of the Shoals
 40200 | Shoals:1 | Reached XP level 16. HP: 123/123 MP: 25/30
 40901 | Shoals:2 | Reached skill level 1 in Evocations
 41721 | Shoals:2 | Identified the +2 robe "Ihuq" {rF++ MP+9 Dex+6} (You took it off a merfolk on level 2 of the Shoals)
 42103 | Shoals:3 | Reached skill level 17 in Stealth
 42710 | Shoals:3 | Found Miko's Armour Boutique.
 42924 | Shoals:3 | Found Poum's Antique Weapon Shop.
 42973 | Shoals:3 | Reached skill level 5 in Shields
 43318 | Lair:1   | Learned a level 4 spell: Animate Dead
 43461 | Elf:1    | Entered Level 1 of the Elven Halls
 43541 | Elf:1    | Found a shimmering altar of Xom.
 43658 | Elf:1    | Noticed Asterion
 43673 | Elf:1    | Noticed an Executioner
 43676 | Elf:1    | Killed Asterion
 43676 | Elf:1    | Identified the +1 shield "Bosirupn" {rC++} (You took it off Asterion on level 1 of the Elven Halls)
 44155 | Elf:1    | Reached skill level 1 in Translocations
 44165 | Elf:1    | Noticed Roxanne
 44189 | Elf:1    | Found Cuhiun's Armour Boutique.
 44612 | Elf:1    | Bought a +1 helmet of intelligence for 231 gold pieces
 45548 | Elf:1    | Reached XP level 17. HP: 131/131 MP: 32/32
 46616 | Elf:2    | Noticed Aizul
 46623 | Elf:2    | Identified the +7 chain mail of Surprise {rC- Dex+9 Slay+3 Stlth-}
 46623 | Elf:2    | Killed Aizul
 47083 | Elf:2    | Found a runed gate.
 47083 | Elf:2    | Found a runed gate.
 47086 | Elf:2    | Found a runed gate.
 47433 | Elf:3    | Entered Level 3 of the Elven Halls
 48190 | Elf:3    | Reached skill level 5 in Evocations
 48342 | Elf:3    | Reached skill level 18 in Stealth
 48487 | Elf:3    | Noticed a deep elf master archer
 48492 | Elf:3    | Noticed a deep elf master archer
 48666 | Elf:3    | Killed a deep elf master archer
 48785 | Elf:3    | Noticed a deep elf master archer
 48851 | Elf:3    | Noticed a deep elf master archer
 49000 | Elf:3    | Killed a deep elf master archer
 49010 | Elf:3    | Noticed a deep elf blademaster
 49010 | Elf:3    | Noticed a deep elf blademaster
 49016 | Elf:3    | Killed a deep elf blademaster
 49627 | Spider:2 | HP: 5/133 [ghost moth (7)]
 49642 | Spider:1 | HP: 1/133 [ghost moth (14)]
 49645 | Spider:1 | Slain by a ghost moth

Vault maps used:
D:1:      lightli_arrival_farm
D:2:      gammafunk_temple_overflow_pools
D:3:      first_bread, uniq_natasha, uniq_grinder
D:4:      old_forge, feat_on_display
D:5:      basic_altar, kennysheep_generic_room_9
D:6:      temple_hall
D:7:      nicolae_ossuary_entry_ruins, uniq_duvessa
D:8:      basic_altar, blue_anna_alchemist, serial_bayou_lake_a
D:9:      david_orc_2, dk_yredelemnul_ordeal
D:10:     david_lair_generic, serial_shops, shop, uniq_josephine
D:11:     johnstein_pakellas_dig
D:12:     lemuel_statue_altar
D:13:     grunt_dithmenos_smoke_and_mirrors
D:14:     lightli_vaults_fourway_checkpoint, kennysheep_pointless_box,
          kennysheep_treasure_room
D:15:     grunt_enter_depths_magical_seal, nicolae_transmutations_shop
Temple:   dpeg_circular_temple_20
Lair:1:   portal_ice_cave_entry_imps, lemuel_fruit_fields
Lair:2:   hangedman_lair_unloving_vines, bobbens_dragon_lair_wall,
          lemuel_fruit_tree
Lair:3:   uniq_nergalle
Lair:4:   elwin_shoals_entry_stream, spider_nest_entry_rubble,
          columned_hall_lemuel
Lair:5:   lemuel_ratsnest, st_stairs_5, grunt_megastairs_3
Lair:6:   minmay_slime_entry_eyes, minivault_24
Lair:7:   serial_bayou_lagoon_b, uniq_nessos
Lair:8:   wormcave
Shoals:3: cheibrodos_shoals_oceanic_diplomacy, serial_shops,
          nicolae_shop_competitors_out_of_business, shop
Spider:2: hangedman_spider_mandibles
Orc:2:    pubby_orc_utopia
Elf:1:    basic_altar, serial_shops, nicolae_shop_statue_plus,
          kennysheep_underground_church, grunt_ministairs_3, spider_trap,
          uniq_roxanne, uniq_asterion
Elf:2:    dk_noncrumbling_3, grunt_ministairs_4, uniq_aizul, uniq_louise
Elf:3:    minmay_elf_hall, grunt_ministairs_11, hex_tiny
Ossuary:  ossuary_minmay_scorpions
IceCv:    ice_cave_small_demon

Skill      XL: |  1  2  3  4  5  6  7  8  9 10 11 12 13 14 15 16 17 |
---------------+----------------------------------------------------+-----
Hexes          | 5 6 7 8 9 11 12 13 14 15 16 | 16.0
Fighting       | 1 2 3 4 5 6 7 8 9 10 11 | 11.8
Short Blades   | 2 3 5 6 7 8 9 10 11 12 | 12.1
Dodging        | 3 4 5 6 7 8 9 10 11 12 13 | 13.4
Stealth        | 5 6 7 8 10 11 12 13 14 15 16 17 18 | 18.2
Spellcasting   | 3 4 5 6 7 8 9 10 11 | 11.0
Charms         | 1 4 6 7 8 |  8.7
Necromancy     | 4 6 7 8 |  8.0
Shields        | 3 5 6 |  6.4
Evocations     | 4 5 |  5.5
Translocations | 1 3 |  3.8

Action                   |  1- 3 |  4- 6 |  7- 9 | 10-12 | 13-15 | 16-18 || total
-------------------------+-------+-------+-------+-------+-------+-------++-------
Melee: Dagger            |    73 |   184 |   461 |   862 |  1773 |   790 ||  4143
       Bite              |     5 |    13 |    54 |    96 |   211 |   136 ||   515
 Cast: Corona            |     1 |       |       |       |       |       ||     1
       Ensorcelled Hiber |     2 |    13 |    67 |   103 |   129 |    54 ||   368
       Confuse           |       |     9 |    58 |    93 |   258 |    91 ||   509
       Tukima's Dance    |       |       |     5 |     2 |    14 |     1 ||    22
       Spectral Weapon   |       |       |       |     5 |    41 |    31 ||    77
       Dazzling Spray    |       |       |       |       |    35 |    74 ||   109
       Regeneration      |       |       |       |       |    11 |    21 ||    32
       Shroud of Golubri |       |       |       |       |     6 |     9 ||    15
       Apportation       |       |       |       |       |     2 |       ||     2
       Blink             |       |       |       |       |       |     2 ||     2
       Animate Dead      |       |       |       |       |       |     1 ||     1
Invok: Curse Item        |       |       |       |       |     3 |     3 ||     6
 Abil: End Transformatio |       |       |       |     1 |     4 |     1 ||     6
       Bat Form          |       |       |       |     1 |     4 |     1 ||     6
Evoke: Wand              |       |       |       |    21 |     7 |    14 ||    42
       Lamp of fire      |       |       |       |       |       |     1 ||     1
  Use: Potion            |       |     6 |     8 |    27 |    26 |    28 ||    95
       Scroll            |       |       |       |    14 |     9 |    11 ||    34
 Stab: Sleeping          |    12 |    18 |    67 |   117 |   161 |    70 ||   445
       Confused          |       |     6 |    30 |    47 |   141 |    42 ||   266
       Distracted        |       |       |       |     1 |    20 |    16 ||    37
       Invisible         |       |       |       |       |     7 |    18 ||    25
       Petrified         |       |       |       |       |     4 |       ||     4
Armor: Robe              |    20 |    34 |    65 |    68 |   198 |   101 ||   486
Dodge: Dodged            |    36 |   144 |   268 |   494 |   991 |   644 ||  2577
Block: Buckler           |       |       |       |       |   132 |   263 ||   395
